 Dungeon Crawl Stone Soup version 0.18.1-5-g4a78601 (webtiles) character file.

53 epen the Slasher (level 3, -1/28 HPs)
             Began as a Demonspawn Gladiator on May 12, 2016.
             Slain by an adder (3 damage)
             ... on level 1 of the Dungeon.
             The game lasted 00:02:16 (1987 turns).

epen the Slasher (Demonspawn Gladiator)             Turns: 1987, Time: 00:02:18

Health: -1/28      AC:  8    Str: 16    XL:     3   Next: 64%
Magic:  3/3        EV: 11    Int:  9    God:
Gold:   108        SH:  0    Dex: 15    Spells: 0 memorised, 2 levels left

rFire  . . .     SeeInvis .     a - +0 long sword
rCold  . . .     Gourm    +     p - +0 scale mail
rNeg   . . .     Faith    .     (no shield)
rPois  .         Spirit   .     c - +0 helmet
rElec  .         Dismiss  .     (no cloak)
rCorr  .         Reflect  .     (no gloves)
SustAt .         Harm     .     k - +0 pair of boots
MR     .....                    v - amulet of the gourmand
Stlth  +.........               (no ring)
                                (no ring)

@: lethally poisoned (-1 -> -3), not resistant to hostile enchantments, very
unstealthy
A: thin skeletal structure 1, powered by pain 1
a: no special abilities


You were on level 1 of the Dungeon.
You were hungry.

You visited 1 branch of the dungeon, and saw 2 of its levels.

You collected 108 gold pieces.

Inventory:

Hand Weapons
 a - a +0 long sword (weapon)
Missiles
 d - 3 throwing nets (quivered)
Armour
 b - a +0 leather armour
 c - a +0 helmet (worn)
 k - a +0 pair of boots (worn)
 p - a +0 scale mail (worn)
Jewellery
 v - an amulet of the gourmand (around neck)
Scrolls
 h - 2 scrolls of blinking {unknown}
 i - a scroll of magic mapping {unknown}
 j - 2 scrolls of remove curse {unknown}
 l - 2 scrolls of amnesia {unknown}
 m - 2 scrolls of identify {unknown}
 t - a scroll of fear {unknown}
Potions
 e - a potion of curing {unknown}
 n - a potion of flight {unknown}
 o - a potion of agility
 q - a potion of ambrosia {unknown}
 r - a potion of heal wounds {unknown}
 u - a potion of lignification {unknown}
Comestibles
 f - 2 bread rations
 g - 4 meat rations


   Skills:
 + Level 2.6 Fighting
 * Level 3.2 Long Blades
 - Level 1.7 Throwing
 + Level 1.2 Armour
 * Level 3.1 Dodging


You had 2 spell levels left.
You didn't know any spells.

Dungeon Overview and Level Annotations

Branches:
Dungeon (2/15)

Altars:

Annotations:
D:2 Terence


Innate Abilities, Weirdness & Mutations

You have a somewhat thin skeletal structure (Dex +2, Stealth).
You sometimes gain a little power by taking damage.


Message History

You closely miss the adder.
The adder is severely wounded.
The adder barely misses you. The adder bites you.
* * * LOW HITPOINT WARNING * * *
You are poisoned.
The adder poisons you!
You hit the adder but do no damage.
The adder is severely wounded.
* * * LOW HITPOINT WARNING * * *
You feel sick. The adder misses you.
You closely miss the adder.
The adder is severely wounded.
The adder closely misses you. The adder bites you but does no damage.
You hit the adder.
The adder is almost dead.
* * * LOW HITPOINT WARNING * * *
You feel sick. The adder bites you.
* * * LOW HITPOINT WARNING * * *
The adder bites you.
You die...

#........# ##...## #####.####
#####.).## ###.# #.# ##.##
#.# #.# #.# ##'## #.# #.#
##...## #.# #.### ##.....##
#.## #.#.## ##.......##
#..####
#....####.........####......
#.......'..@S.....'.........
##....####.........####...##.
#....## ##.......## ##.###.
#...## ##.....## ######.
#...# ##...## #...... ##.##
##+## #.##### #.# #.# #.# #.#
###.#### #.# #####.#######
#......# #.#


You could see an adder.

Vanquished Creatures
  3 worms (D:2)
  5 dart slugs
  2 giant geckos
  4 goblins (D:1)
  5 hobgoblins
  2 jackals (D:2)
  5 bats
  3 giant newts (D:2)
  A kobold (D:1)
  3 rats (D:1)
33 creatures vanquished.

Notes
Turn   | Place    | Note
--------------------------------------------------------------
     0 | D:1      | epen the Demonspawn Gladiator began the quest for the Orb.
     0 | D:1      | Reached XP level 1. HP: 16/16 MP: 1/1
   295 | D:1      | Gained mutation: You sometimes gain a little power by taking damage. [demonic ancestry]
   295 | D:1      | Reached XP level 2. HP: 20/22 MP: 2/2
  1031 | D:1      | Reached skill level 1 in Armour
  1237 | D:2      | Gained mutation: You have a somewhat thin skeletal structure (Dex +2, Stealth). [demonic ancestry]
  1237 | D:2      | Reached XP level 3. HP: 28/28 MP: 3/3
  1955 | D:2      | Noticed Terence
  1987 | D:1      | Slain by an adder

Skill      XL: |  1  2  3 |
---------------+----------+-----
Long Blades    | 3 |  3.2
Armour         | 1 |  1.2
Dodging        | 3 |  3.1
Fighting       | |  2.6
Throwing       | |  1.7

Action                   || total
-------------------------++-------
Melee: Long sword        ||   125
 Stab: Sleeping          ||     2
  Eat: Chunk             ||     3
Armor: Leather armour    ||    40
       Scale mail        ||    20
Dodge: Dodged            ||    93
